 Dungeon Crawl Stone Soup version 0.30.0-29-ga12c61a403 (webtiles) character file.

Game seed: 14349996967525065145

51 qw the Chopper (level 3, -2/23 HPs)
             Began as a Gargoyle Fighter on June 3, 2023.
             Slain by Sigmund
             ... wielding a +0 scythe
              (8 damage)
             ... on level 3 of the Dungeon.
             The game lasted 00:00:43 (1508 turns).

qw the Chopper (Gargoyle Fighter)                   Turns: 1508, Time: 00:00:43

Health: -2/23      AC: 10    Str: 21    XL:     3   Next: 83%
Magic:  3/3        EV:  9    Int:  8    God:
Gold:   149        SH:  4    Dex:  9    Spells: 2/2 levels left

rFire   . . .        Y - +1 war axe (protect)
rCold   . . .        c - +0 buckler
rNeg    + . .        b - +0 scale mail
rPois   inf          (no helmet)
rElec   +            (no cloak)
rCorr   .            (no gloves)
SInv    .            (no boots)
Will    .....        (no amulet) Stlth
                     (no ring)
HPRegen 0.23/turn    (no ring)
MPRegen 0.08/turn

%: no passive effects
@: no status effects
A: sickness immunity, AC +3, negative energy resistance 1, electricity
resistance, torment resistance 1, petrification resistance
a: no special abilities


You were on level 3 of the Dungeon.
You visited 1 branch of the dungeon, and saw 3 of its levels.

You collected 149 gold pieces.


Innate Abilities, Weirdness & Mutations

You are immune to sickness and miasma.
Your stone body is resilient. (AC +3)
You are immune to poison.
You resist negative energy. (rN+)
You are resistant to electric shocks. (rElec)
You are resistant to unholy torment.
You are immune to petrification.


   Skills:
 - Level 3.2 Fighting
 + Level 3.6 Axes
 - Level 3.2 Armour
 - Level 3.2 Shields


You had 2 spell levels left.
You didn't know any spells.
Your spell library was empty.

Inventory:

Hand Weapons
 a - a +0 whip
 Y - a +1 war axe of protection (weapon)
Armour
 b - a +0 scale mail (worn)
 c - a +0 buckler (worn)
 k - a +2 pair of gloves
Scrolls
 j - a scroll of poison {unknown}
Potions
 d - a potion of might
 e - a potion of brilliance {unknown}
 f - a potion of heal wounds
 g - a potion of cancellation {unknown}
 h - a potion of flight {unknown}
 i - a potion of berserk rage {unknown}
 l - a potion of mutation {unknown}

Dungeon Overview and Level Annotations

Branches:
Dungeon (3/15)

Altars:
Gozag

Annotations:
D:3 3 runed translucent doors, Sigmund; qw's ghost, amateur GrFi


Message History

Found a stone staircase leading down.
A quokka comes into view.
Found a scroll labelled ORHEILURAS.
You slash the quokka!
Your weapon exudes an aura of protection.
You kill the quokka!
A goblin comes into view. It is wielding a +1 dagger of flaming.
You hit the goblin.
Your weapon exudes an aura of protection.
The goblin is moderately wounded.
The goblin barely misses you.
You barely miss the goblin.
The goblin is moderately wounded.
The goblin hits you but does no damage.
You slash the goblin!
You kill the goblin!
You see here a +1 dagger of flaming.
j - a scroll labelled ORHEILURAS
k - a +2 pair of gloves
Found an opulent altar of Gozag.
The bullfrog gives a loud, deep croak!
Sigmund the Dreaded comes into view.
He is wielding a +0 scythe.
Found 22 gold pieces and a plate armour.
The jackal barks!
Sigmund shouts!
A hobgoblin comes into view.
The hobgoblin shouts!
Sigmund casts a spell at you. The puff of flame hits you!
You hit Sigmund.
Your weapon exudes an aura of protection.
Sigmund is lightly wounded.
Qw's ghost lets out a mournful wail.
Sigmund hits you but does no damage.
You closely miss Sigmund.
Sigmund is lightly wounded.
Sigmund hits you with a +0 scythe!
You barely miss Sigmund.
Sigmund is lightly wounded.
Sigmund hits you with a +0 scythe!
You die...

.# ## #. #.
..
#.##.#####
#...##.8.##
#...#$$...#
##
#.g@+h.$.8#
..
#..@+W_8[\#
##=.+F$$$8#
#..#b...\#
#..##.8\##
###.#####
#.#...#
###.#...####
#..........#
#.#.#.####.#
#


You could see Sigmund, a bullfrog, qw's ghost, a jackal, a hobgoblin and a bat.

Vanquished Creatures
  An adder (D:2)
  A worm (D:2)
  A dart slug (D:1)
  An orc (D:3)
  3 bats
  5 endoplasms
  A giant cockroach (D:2)
  5 goblins
  4 hobgoblins
  2 kobolds (D:2)
  3 quokkas
  2 ball pythons
  A frilled lizard (D:2)
  2 rats
32 creatures vanquished.

Notes
Turn   | Place    | Note
-------+----------+-------------------------------------------
     0 | D:1      | qw the Gargoyle Fighter began the quest for the Orb.
     0 | D:1      | Reached XP level 1. HP: 14/14 MP: 1/1
     0 | D:1      | 0 ||| qw: Version: 0.2-a-103-g3a7daa1
     0 | D:1      | 0 ||| qw: Game counter: 967
     0 | D:1      | 0 ||| qw: Always use a shield: true
     0 | D:1      | 0 ||| qw: God list: Okawaru
     0 | D:1      | 0 ||| qw: Allow faded altars: false
     0 | D:1      | 0 ||| qw: Do Orc after D:15 true
     0 | D:1      | 0 ||| qw: Do second Lair branch before Depths: true
     0 | D:1      | 0 ||| qw: Lair rune preference: random
     0 | D:1      | 0 ||| qw: Plans: Normal, Zot:1-4, Slime:5, God:TSO, Crypt,
                  | Tomb, Pan, Hells, Abyss, Win
     0 | D:1      | 0 ||| PLANNING D:1-11
   199 | D:1      | 199 ||| Stepping ~*~*~tactically~*~*~ (hiding).
   206 | D:1      | Reached XP level 2. HP: 19/19 MP: 2/2
   360 | D:1      | Found a faded altar of an unknown god.
   673 | D:1      | 673 ||| READING 2 scrolls labelled QEUNIE PITU.
   674 | D:1      | 674 ||| DROPPING +0 club.
   675 | D:1      | 675 ||| READING scroll of brand weapon.
   675 | D:1      | 675 ||| BRANDING +0 war axe of flaming.
   676 | D:1      | 676 ||| READING scroll labelled MEBAEF BEZEIF.
   677 | D:1      | 677 ||| READING scroll labelled PYJUFITUNEI.
   678 | D:1      | 678 ||| DRINKING 2 yellow potions.
   747 | D:2      | 747 ||| Stepping ~*~*~tactically~*~*~ (stealth).
   769 | D:2      | Reached skill level 3 in Axes
   783 | D:2      | Reached XP level 3. HP: 23/23 MP: 3/3
  1325 | D:2      | 1325 ||| READING scroll labelled EXUORAPP QURAJ.
  1336 | D:2      | 1336 ||| Stepping ~*~*~tactically~*~*~ (stealth).
  1341 | D:2      | 1341 ||| Stepping ~*~*~tactically~*~*~ (stealth).
  1342 | D:2      | 1342 ||| Stepping ~*~*~tactically~*~*~ (stealth).
  1384 | D:3      | 1384 ||| FLEEEEING.
  1385 | D:3      | 1385 ||| FLEEEEING.
  1386 | D:3      | 1386 ||| FLEEEEING.
  1387 | D:3      | 1387 ||| FLEEEEING.
  1388 | D:3      | 1388 ||| FLEEEEING.
  1389 | D:3      | 1389 ||| FLEEEEING.
  1390 | D:3      | 1390 ||| FLEEEEING.
  1409 | D:3      | 1409 ||| DROPPING +0 club.
  1496 | D:3      | Found a runed translucent gate.
  1496 | D:3      | Found a runed translucent gate.
  1499 | D:3      | Found a runed translucent gate.
  1500 | D:3      | Found an opulent altar of Gozag.
  1501 | D:3      | Noticed a bullfrog
  1501 | D:3      | Noticed qw's ghost (amateur GrFi)
  1502 | D:3      | Noticed Sigmund
  1508 | D:3      | Slain by Sigmund

Levels and vault maps discovered:
D:1:      co_arrival_random_square_maze, layout_basic,
          hellmonk_ecumenical_altar_inner_sanctum
D:2:      layout_basic
D:3:      layout_loops_ring, mainiacjoe_overflow_alcove_1, ebering_ghost_gozag,
          uniq_sigmund

Skill      XL: |  1  2 |
---------------+-------+-----
Axes           | 2 3 |  3.6
Fighting       | |  3.2
Armour         | |  3.2
Shields        | |  3.2

Action                     || total
---------------------------++-------
  Melee: War axe           ||    97
    Use: Scroll            ||     5
         Potion            ||     1
 Armour: Scale mail        ||    37
  Dodge: Dodged            ||    38
  Block: Buckler           ||    13

Table legend:
 A = Non-vault XP
 B = Vault XP
 C = Vault XP percentage of total XP
 D = Non-vault monster count
 E = Vault monster count
 F = Vault count percentage of total count
                 A         B        C        D         E       F
            +---------+---------+-------+---------+---------+-------
      Total |      74 |       0 |   0.0 |      32 |       0 |   0.0
            +---------+---------+-------+---------+---------+-------
        D:1 |      26 |       0 |   0.0 |      13 |       0 |   0.0
        D:2 |      38 |       0 |   0.0 |      14 |       0 |   0.0
        D:3 |      10 |       0 |   0.0 |       5 |       0 |   0.0
            +---------+---------+-------+---------+---------+-------
